AoeStats
← ska_18

Arena

506877657Analyzed
3v3 RM · 16d ago on Sep 15, 2026· 46m 47s· 6 players
Game mode
Random Map
Map size
Normal (6 player)
Population
200
Speed
Normal
Resources
Standard
Victory
Conquest
Starting age
Dark Age
Ending age
Imperial Age
RankedLock teamsTeams togetherTeam positionsShared explorationLock speedFull tech treeHidden civsTurbo modeCheats
Victory
Defeat
🇵🇱 Celts · Poland
913
+15
🇦🇹 Saracens · Austria
901
+16
🇸🇪 Britons · Sweden
876
+17
🇬🇧 Spanish · United Kingdom
935
-18
🇨🇴 Vietnamese · Colombia
905
-16
🇺🇸 Japanese · United States
850
-14
ska_18
10:17 Feudal Age
13:20 Loom
15:46 Castle Age
14:20 Double-Bit Axe
14:30 Horse Collar
18:00 Bow Saw
18:33 Wheelbarrow
20:39 Sanctity
21:17 Hand Cart
24:10 Gold Mining
24:10 Stone Mining
24:17 Stone Mining
24:53 Town Watch
25:10 Heavy Plow
25:37 Fervor
25:55 Forging
27:02 Scale Barding Armor
27:32 Iron Casting
26:48 Fletching
31:37 Imperial Age
30:25 Chain Barding Armor
29:56 Fletching
31:54 Bodkin Arrow
32:43 Conscription
31:56 Elite Mameluke
33:09 Coinage
34:20 Chemistry
33:01 Treadmill Crane
35:03 Blast Furnace
34:47 Bimaristan
36:03 Plate Barding Armor
36:26 Bracer
36:28 Town Patrol
37:04 Bloodlines
36:54 Husbandry
36:15 Light Cavalry
40:17 Two-Man Saw
39:58 Devotion
39:53 Herbal Medicine
40:35 Hoardings
39:47 Hussar
41:11 Caravan
45:59 Banking
aoesweden
10:37 Feudal Age
16:43 Castle Age
14:54 Double-Bit Axe
15:34 Horse Collar
15:51 Gold Mining
17:40 Scale Barding Armor
19:05 Gold Shaft Mining
25:27 Bow Saw
26:40 Wheelbarrow
27:06 Loom
28:48 Heavy Plow
28:40 Stone Mining
29:38 Husbandry
30:30 Caravan
31:07 Treadmill Crane
31:49 Ballistics
31:46 Light Cavalry
33:48 Chain Barding Armor
33:19 Fletching
33:29 Padded Archer Armor
34:25 Hand Cart
37:45 Imperial Age
35:32 Murder Holes
35:40 Bodkin Arrow
36:00 Leather Archer Armor
35:35 Crossbowman
35:36 Elite Skirmisher
38:55 Conscription
40:04 Plate Barding Armor
39:29 Bracer
40:00 Ring Archer Armor
40:27 Yeomen
39:42 Arbalester
41:38 Two-Man Saw
41:11 Warwolf
41:20 Cavalier
42:12 Heavy Cavalry Archer
46:02 Scale Mail Armor
46:12 Forging
45:26 Pikeman
szymi1990rbk
1:23 Loom
10:15 Feudal Age
11:32 Wheelbarrow
10:44 Double-Bit Axe
11:14 Town Watch
11:57 Horse Collar
20:05 Castle Age
18:21 Stone Mining
21:26 Hand Cart
31:31 Imperial Age
31:48 Gold Mining
34:29 Forging
34:20 Scale Mail Armor
38:36 Chemistry
39:54 Gold Shaft Mining
40:03 Furor Celtica
42:13 Elite Woad Raider
44:04 Chain Mail Armor
44:33 Iron Casting
keager241
0:28 Loom
11:01 Feudal Age
12:17 Wheelbarrow
11:28 Horse Collar
11:34 Double-Bit Axe
20:08 Castle Age
20:56 Heavy Plow
21:07 Bow Saw
22:34 Hand Cart
25:42 Murder Holes
37:49 Imperial Age
36:30 Forging
36:21 Scale Mail Armor
38:59 Iron Casting
38:39 Chain Mail Armor
39:03 Elite Samurai
41:21 Blast Furnace
40:22 Gold Mining
41:34 Two-Man Saw
40:02 Pikeman
40:42 Squires
40:27 Arson
42:27 Kataparuto
42:27 Conscription
42:27 Halberdier
43:56 Gold Shaft Mining
45:29 Plate Mail Armor
44:26 Elite Skirmisher
deiwersmith
7:40 Loom
11:22 Feudal Age
16:09 Castle Age
14:44 Horse Collar
14:51 Double-Bit Axe
16:06 Gold Mining
24:11 Heavy Plow
24:03 Stone Mining
24:26 Bow Saw
28:04 Pikeman
28:45 Squires
28:30 Arson
28:49 Fletching
29:10 Forging
30:55 Stone Shaft Mining
32:35 Chatras
34:08 Scale Mail Armor
34:08 Padded Archer Armor
34:45 Iron Casting
34:05 Bodkin Arrow
38:40 Wheelbarrow
37:51 Town Watch
38:29 Chain Mail Armor
38:29 Leather Archer Armor
40:49 Imperial Age
39:50 Man-at-Arms
41:33 Bracer
42:03 Ring Archer Armor
41:16 Elite Skirmisher
42:01 Thumb Ring
42:46 Plate Mail Armor
43:03 Imperial Skirmisher
46:44 Chemistry
46:53 Two-Man Saw
46:25 Crop Rotation
46:44 Ballistics
OptimusCrime
12:32 Feudal Age
14:07 Horse Collar
17:13 Castle Age
18:05 Loom
18:11 Double-Bit Axe
18:19 Stone Mining
25:40 Bow Saw
25:26 Gold Mining
25:39 Heavy Plow
29:27 Fletching
29:37 Padded Archer Armor
29:15 Elite Skirmisher
30:38 Stone Shaft Mining
33:33 Imperial Age
31:38 Wheelbarrow
32:06 Bodkin Arrow
32:26 Leather Archer Armor
34:36 Conscription
38:19 Imperial Skirmisher
40:06 Bracer
40:21 Leather Archer Armor
40:34 Ballistics
41:14 Chemistry
46:15 Husbandry
46:25 Bloodlines
45:36 Light Cavalry
Connection lost

Rejoining the realm…

Still unreachable

The connection could not be restored.

Session expired

The server has moved on; the page needs a fresh start.